PA
CHICAGO TULA @ ALAMEDA AIRMEN
07/20/2025
 
TOP OF THE 1ST
Chicago Tula batting - Pitching for Alameda Airmen : RHP Burm Snart
Pitching: RHP Burm Snart
Batting: LHB César Gonzáles 0-0: Fly out, F9 (Flyball, 9)
Batting: RHB Héctor Rivera 0-0: Ball
1-0: Ball
2-0: Ball
3-0: Called Strike
3-1: Foul Ball, location: 2F
3-2: Foul Ball, location: 2F
3-2: Base on Balls
Batting: RHB Paul Dawsey 0-0: Ball
1-0: Ball
2-0: SINGLE (Groundball, 56D)
Héctor Rivera to second
Batting: RHB Jouo Hirschovits 0-0: SINGLE (Line Drive, 8LS)
Héctor Rivera to third
Paul Dawsey to second
Runner from 3rd tries for Home, SAFE, throw made at trailing runner, OUT at third!
Batting: RHB Christian Hoover 0-0: Ball
1-0: Called Strike
1-1: Ball
2-1: Ball
3-1: SINGLE (Groundball, 56D)
Jouo Hirschovits to second
Batting: RHB Dave Yates 0-0: Swinging Strike
0-1: Called Strike
0-2: SINGLE (Groundball, 56D)
Jouo Hirschovits to third
Christian Hoover to second
Runner from 3rd tries for Home, SAFE, no throw
Batting: RHB Júlio Vargas 0-0: Foul Ball, location: 2F
0-1: Called Strike
0-2: Ball
1-2: Strikes out swinging
Top of the 1st over - 2 run(s), 4 hit(s), 0 error(s), 2 left on base; Chicago 2 - Alameda 0
BOTTOM OF THE 1ST
Alameda Airmen batting - Pitching for Chicago Tula : RHP Daniel Riley
Pitching: RHP Daniel Riley
Batting: LHB Juan Ledezma 0-0: Foul Ball, location: 2F
0-1: Ball
1-1: Ball
2-1: Swinging Strike
2-2: Fly out, F5 (Popup, 5D)
Batting: RHB Bryant Skelly 0-0: Ball
1-0: Swinging Strike
1-1: Foul Ball, location: 2F
1-2: Ball
2-2: Strikes out swinging
Batting: RHB Fernando Trinidad 0-0: Called Strike
0-1: Ball
1-1: DOUBLE (Flyball, 78M)
Batting: LHB Enrique Vásquez 0-0: Ball
1-0: Ground out 6-3 (Groundball, 6)
Bottom of the 1st over - 0 run(s), 1 hit(s), 0 error(s), 1 left on base; Chicago 2 - Alameda 0
TOP OF THE 2ND
Chicago Tula batting - Pitching for Alameda Airmen : RHP Burm Snart
Batting: RHB Jorge Alfiche 0-0: Foul Ball, location: 2F
0-1: Ball
1-1: Swinging Strike
1-2: Ground out 6-3 (Groundball, 6)
Batting: LHB Dana Waldrip 0-0: Ball
1-0: Ball
2-0: Ball
3-0: Called Strike
3-1: Called Strike
3-2: Base on Balls
Batting: LHB César Gonzáles 0-0: Ball
1-0: Ball
2-0: Fly out, F8 (Flyball, 89M)
Batting: RHB Héctor Rivera 0-0: Called Strike
0-1: Ball
1-1: Fly out, F7 (Line Drive, 78M)
Top of the 2nd over - 0 run(s), 0 hit(s), 0 error(s), 1 left on base; Chicago 2 - Alameda 0
BOTTOM OF THE 2ND
Alameda Airmen batting - Pitching for Chicago Tula : RHP Daniel Riley
Batting: RHB Mario Salazar 0-0: Called Strike
0-1: Foul Ball, location: 2F
0-2: Ball
1-2: Strikes out swinging
Batting: LHB Bob Maher 0-0: Ball
1-0: Ball
2-0: Fly out, F9 (Line Drive, 9LS)
Batting: RHB Juan García 0-0: Ground out 4-3 (Groundball, 4S)
Bottom of the 2nd over - 0 run(s), 0 hit(s), 0 error(s), 0 left on base; Chicago 2 - Alameda 0
TOP OF THE 3RD
Chicago Tula batting - Pitching for Alameda Airmen : RHP Burm Snart
Batting: RHB Paul Dawsey 0-0: SINGLE (Line Drive, 8LS)
Batting: RHB Jouo Hirschovits 0-0: Fly out, F7 (Line Drive, 7)
Batting: RHB Christian Hoover 0-0: Ball
1-0: Called Strike
1-1: Ball
2-1: SINGLE (Groundball, 56) (infield hit)
Paul Dawsey to second
Batting: RHB Dave Yates 0-0: Ball
1-0: Called Strike
1-1: Called Strike
1-2: Foul Ball, location: 2F
1-2: Strikes out looking
Batting: RHB Júlio Vargas 0-0: Called Strike
0-1: Foul Ball, location: 2F
0-2: Ball
1-2: Ball
2-2: Ball
3-2: SINGLE (Line Drive, 56D)
Paul Dawsey to third
Christian Hoover to second
Paul Dawsey scores
Christian Hoover to third
Batting: RHB Jorge Alfiche 0-0: Foul Ball, location: 2F
0-1: Ball
1-1: Fly out, F7 (Flyball, 7S)
Top of the 3rd over - 1 run(s), 3 hit(s), 0 error(s), 2 left on base; Chicago 3 - Alameda 0
BOTTOM OF THE 3RD
Alameda Airmen batting - Pitching for Chicago Tula : RHP Daniel Riley
Batting: RHB Juan Costello 0-0: Called Strike
0-1: Called Strike
0-2: Ball
1-2: Ball
2-2: Foul Ball, location: 2F
2-2: Foul Ball, location: 2F
2-2: SINGLE (Groundball, 6MD)
Batting: RHB Javier Marino 0-0: Called Strike
0-1: Ball
1-1: Ball
2-1: SINGLE (Line Drive, 6MD)
Juan Costello to second
Batting: LHB Juan Ledezma 0-0: Fly out, F7 (Flyball, 7LS)
Batting: RHB Bryant Skelly 0-0: Called Strike
0-1: Swinging Strike
0-2: Ground out 5-3 (Groundball, 56S)
Juan Costello to third
Javier Marino to second
Batting: RHB Fernando Trinidad 0-0: Foul Ball, location: 2F
0-1: Ground out 6-3 (Groundball, 6)
Bottom of the 3rd over - 0 run(s), 2 hit(s), 0 error(s), 2 left on base; Chicago 3 - Alameda 0
TOP OF THE 4TH
Chicago Tula batting - Pitching for Alameda Airmen : RHP Burm Snart
Batting: LHB Dana Waldrip 0-0: Foul Ball, location: 2F
0-1: Foul Ball, location: 2F
0-2: Strikes out swinging
Batting: LHB César Gonzáles 0-0: Ball
1-0: Ball
2-0: Called Strike
2-1: Foul Ball, location: 2F
2-2: SINGLE (Line Drive, 89M)
Batting: RHB Héctor Rivera 0-0: Foul Ball, location: 2F
0-1: Ball
1-1: Foul Ball, location: 2F
1-2: Fielders Choice at 2nd, 5-4 (Groundball, 56)
Batting: RHB Paul Dawsey 0-0: Called Strike
0-1: Ball
1-1: Ball
2-1: Foul Ball, location: 2F
2-2: Fly out, F6 (Popup, 6MD)
Top of the 4th over - 0 run(s), 1 hit(s), 0 error(s), 1 left on base; Chicago 3 - Alameda 0
BOTTOM OF THE 4TH
Alameda Airmen batting - Pitching for Chicago Tula : RHP Daniel Riley
Batting: LHB Enrique Vásquez 0-0: Called Strike
0-1: Foul Ball, location: 2F
0-2: Foul Ball, location: 2F
0-2: Ground out 6-3 (Groundball, 6)
Batting: RHB Mario Salazar 0-0: Called Strike
0-1: Swinging Strike
0-2: Ball
1-2: Strikes out swinging
Batting: LHB Bob Maher 0-0: Called Strike
0-1: Ball
1-1: Ball
2-1: Ground out 4-3 (Groundball, 4)
Bottom of the 4th over - 0 run(s), 0 hit(s), 0 error(s), 0 left on base; Chicago 3 - Alameda 0
TOP OF THE 5TH
Chicago Tula batting - Pitching for Alameda Airmen : RHP Burm Snart
Batting: RHB Jouo Hirschovits 0-0: Ball
1-0: Fly out, F7 (Line Drive, 7)
Batting: RHB Christian Hoover 0-0: Foul Ball, location: 2F
0-1: Ball
1-1: Foul Ball, location: 2F
1-2: Ball
2-2: Ground out 6-3 (Groundball, 6)
Batting: RHB Dave Yates 0-0: Called Strike
0-1: Ball
1-1: Ball
2-1: Foul Ball, location: 2F
2-2: Strikes out looking
Top of the 5th over - 0 run(s), 0 hit(s), 0 error(s), 0 left on base; Chicago 3 - Alameda 0
BOTTOM OF THE 5TH
Alameda Airmen batting - Pitching for Chicago Tula : RHP Daniel Riley
Batting: RHB Juan García 0-0: Ball
1-0: Ground out 1-3 (Groundball, 13S)
Batting: RHB Juan Costello 0-0: Called Strike
0-1: Foul Ball, location: 2F
0-2: Strikes out swinging
Batting: RHB Javier Marino 0-0: Foul Ball, location: 2F
0-1: Foul Ball, location: 2F
0-2: Strikes out swinging
Bottom of the 5th over - 0 run(s), 0 hit(s), 0 error(s), 0 left on base; Chicago 3 - Alameda 0
TOP OF THE 6TH
Chicago Tula batting - Pitching for Alameda Airmen : RHP Burm Snart
Batting: RHB Júlio Vargas 0-0: Ball
1-0: DOUBLE (Line Drive, 78D)
Pitching: LHP Diego Vázquez
Batting: RHB Jorge Alfiche 0-0: Called Strike
0-1: Ground out 6-3 (Groundball, 6)
Batting: LHB Dana Waldrip 0-0: Called Strike
0-1: Foul Ball, location: 2F
0-2: Ball
1-2: Ball
2-2: Strikes out swinging
Batting: LHB César Gonzáles 0-0: Ball
1-0: SINGLE (Groundball, 6MD)
Júlio Vargas to third
Runner from 3rd tries for Home, SAFE, throw made home
Batting: RHB Héctor Rivera 0-0: Foul Ball, location: 2F
0-1: Called Strike
0-2: Ball
1-2: Foul Ball, location: 2F
1-2: Fly out, F5 (Popup, 56)
Top of the 6th over - 1 run(s), 2 hit(s), 0 error(s), 1 left on base; Chicago 4 - Alameda 0
BOTTOM OF THE 6TH
Alameda Airmen batting - Pitching for Chicago Tula : RHP Daniel Riley
Batting: LHB Juan Ledezma 0-0: Foul Ball, location: 2F
0-1: SINGLE (Line Drive, 8LS)
Batting: RHB Bryant Skelly 0-0: Grounds into double play, 6-4-3 (Groundball, 6)
Batting: RHB Fernando Trinidad 0-0: Called Strike
0-1: Ground out 4-3 (Groundball, 4)
Bottom of the 6th over - 0 run(s), 1 hit(s), 0 error(s), 0 left on base; Chicago 4 - Alameda 0
TOP OF THE 7TH
Chicago Tula batting - Pitching for Alameda Airmen : LHP Diego Vázquez
Batting: RHB Paul Dawsey 0-0: Ball
1-0: Single, Error in OF, E7, batter to second base
Batting: RHB Jouo Hirschovits 0-0: Ball
1-0: Ball
2-0: Ball
3-0: Swinging Strike
3-1: Called Strike
3-2: Strikes out looking
Batting: RHB Christian Hoover 0-0: Intentional Walk
Batting: RHB Dave Yates 0-0: Called Strike
0-1: Foul Ball, location: 2F
0-2: Ball
1-2: Ball
2-2: Foul Ball, location: 2F
2-2: Grounds into double play, 6-4-3 (Groundball, 6)
Top of the 7th over - 0 run(s), 1 hit(s), 1 error(s), 1 left on base; Chicago 4 - Alameda 0
BOTTOM OF THE 7TH
Alameda Airmen batting - Pitching for Chicago Tula : RHP Daniel Riley
Batting: LHB Enrique Vásquez 0-0: Called Strike
0-1: Foul Ball, location: 2F
0-2: Ground out U3 (Groundball, 3)
Batting: RHB Mario Salazar 0-0: Ball
1-0: Foul Ball, location: 2F
1-1: Fly out, F8 (Flyball, 8LM)
Batting: LHB Bob Maher 0-0: Called Strike
0-1: Swinging Strike
0-2: Ball
1-2: Strikes out swinging
Bottom of the 7th over - 0 run(s), 0 hit(s), 0 error(s), 0 left on base; Chicago 4 - Alameda 0
TOP OF THE 8TH
Chicago Tula batting - Pitching for Alameda Airmen : LHP Diego Vázquez
Batting: RHB Júlio Vargas 0-0: Ball
1-0: Foul Ball, location: 2F
1-1: Ball
2-1: Ball
3-1: Foul Ball, location: 2F
3-2: Strikes out looking
Batting: RHB Jorge Alfiche 0-0: SINGLE (Line Drive, 56D)
Batting: LHB Dana Waldrip 0-0: Fielders Choice at 2nd, 1-6 (Groundball, 13)
Batting: LHB César Gonzáles 0-0: Called Strike
0-1: Foul Ball, location: 2F
0-2: Ball
1-2: Ball
2-2: Strikes out swinging
Top of the 8th over - 0 run(s), 1 hit(s), 0 error(s), 1 left on base; Chicago 4 - Alameda 0
BOTTOM OF THE 8TH
Alameda Airmen batting - Pitching for Chicago Tula : RHP Daniel Riley
Batting: RHB Juan García 0-0: Ball
1-0: Called Strike
1-1: Called Strike
1-2: Ground out 5-3 (Groundball, 56)
Batting: RHB Juan Costello 0-0: Ground out 6-3 (Groundball, 6)
Batting: RHB Javier Marino 0-0: Foul Ball, location: 2F
0-1: Called Strike
0-2: SINGLE (Groundball, 56D)
Batting: LHB Juan Ledezma 0-0: Called Strike
0-1: Fly out, F7 (Flyball, 7S)
Bottom of the 8th over - 0 run(s), 1 hit(s), 0 error(s), 1 left on base; Chicago 4 - Alameda 0
TOP OF THE 9TH
Chicago Tula batting - Pitching for Alameda Airmen : LHP Diego Vázquez
Pitching: RHP Reynaldo Maestas
Batting: RHB Héctor Rivera 0-0: Called Strike
0-1: Foul Ball, location: 2F
0-2: Strikes out swinging
Batting: RHB Paul Dawsey 0-0: Ball
1-0: Called Strike
1-1: Ball
2-1: Foul Ball, location: 2F
2-2: Ball
3-2: Strikes out swinging
Batting: RHB Jouo Hirschovits 0-0: Ball
1-0: Called Strike
1-1: Called Strike
1-2: Foul Ball, location: 2F
1-2: SINGLE (Line Drive, 8LS)
Batting: RHB Christian Hoover 0-0: Foul Ball, location: 2F
0-1: Ball
1-1: Fielders Choice at 2nd, U6 (Groundball, 6M)
Top of the 9th over - 0 run(s), 1 hit(s), 0 error(s), 1 left on base; Chicago 4 - Alameda 0
BOTTOM OF THE 9TH
Alameda Airmen batting - Pitching for Chicago Tula : RHP Daniel Riley
Batting: RHB Bryant Skelly 0-0: Swinging Strike
0-1: Foul Ball, location: 2F
0-2: Foul Ball, location: 2F
0-2: Ball
1-2: Ball
2-2: Ball
3-2: Ground out 1-3 (Groundball, 15S)
Batting: RHB Fernando Trinidad 0-0: Called Strike
0-1: Ball
1-1: Called Strike
1-2: Ball
2-2: Ball
3-2: Fly out, F9 (Flyball, 9S)
Batting: LHB Enrique Vásquez 0-0: Foul Ball, location: 2F
0-1: Fly out, F4 (Popup, 4)
Bottom of the 9th over - 0 run(s), 0 hit(s), 0 error(s), 0 left on base; Chicago 4 - Alameda 0
Friday, December 30th, 2016 - OOTP Baseball 17.12 Build 75